 Dungeon Crawl Stone Soup version 0.21-a0-442-g848f44b (webtiles) character file.

168 slep the Slasher (level 5, -7/42 HPs)
             Began as a Demonspawn Monk on Nov 14, 2017.
             Mangled by slep's ghost (8 damage)
             ... on level 3 of the Dungeon.
             The game lasted 00:09:04 (2118 turns).

slep the Slasher (Demonspawn Monk)                  Turns: 2118, Time: 00:09:05

Health: -7/42      AC:  4    Str: 11    XL:     5   Next: 23%
Magic:  5/5        EV: 13    Int: 20    God:
Gold:   118        SH:  0    Dex: 16    Spells: 4/4 levels left

rFire    . . .     SeeInvis .   a - +0 falchion
rCold    . . .     Gourm    .   (no shield)
rNeg     . . .     Faith    .   j - +0 leather armour
rPois    .         Spirit   .   (helmet restricted)
rElec    .         Reflect  .   (no cloak)
rCorr    .         Harm     .   (no gloves)
MR       .....                  g - +0 pair of boots
Stlth    ++........             (no amulet)
HPRegen  0.14/turn              s - +6 ring of intelligence
MPRegen  0.09/turn              (no ring)

@: no status effects
A: horns 1, clever 1, foul stench 1, rot immunity
a: no special abilities


You were on level 3 of the Dungeon.
You were not hungry.

You visited 1 branch of the dungeon, and saw 3 of its levels.

You collected 118 gold pieces.

Inventory:

Hand Weapons
 a - a +0 falchion (weapon)
Armour
 b - a +0 robe
 g - a +0 pair of boots (worn)
 j - a +0 leather armour (worn)
 o - a +0 helmet
Jewellery
 s - a +6 ring of intelligence (left hand)
Scrolls
 d - 2 scrolls of remove curse {unknown}
 e - a scroll of enchant weapon {unknown}
 f - 5 scrolls of identify {unknown}
 k - 2 scrolls of teleportation {unknown}
 l - a scroll of fear {unknown}
Potions
 m - a potion of agility {unknown}
 n - a potion of heal wounds {unknown}
 p - 2 potions of curing {unknown}
 q - a potion of berserk rage {unknown}
 r - 4 potions of brilliance {unknown}
Comestibles
 c - 2 bread rations
 h - 2 royal jellies
 t - 3 chunks of flesh


   Skills:
 + Level 3.6 Fighting
 + Level 3.9 Long Blades
 + Level 1.4 Armour
 + Level 3.3 Dodging
 + Level 2.5 Stealth


You had 4 spell levels left.
You didn't know any spells.

Dungeon Overview and Level Annotations

Branches:
Dungeon (3/15)

Altars:
Qazlal
Ru

Annotations:
D:3 slep's ghost, amateur DsMo


Innate Abilities, Weirdness & Mutations

You may emit foul miasma when damaged in melee.
You are immune to rotting.
You have a pair of small horns on your head.
Your mind is acute. (Int +2)


Message History

You headbutt slep's ghost, but do no damage.
Slep's ghost is almost destroyed.
Slep's ghost barely misses you.
You hit slep's ghost.
Slep's ghost is almost destroyed.
Slep's ghost closely misses you.
You barely miss slep's ghost.
You headbutt slep's ghost, but do no damage.
Slep's ghost is almost destroyed.
Slep's ghost hits you.
* * * LOW HITPOINT WARNING * * *
You hit slep's ghost but do no damage.
You headbutt slep's ghost, but do no damage.
Slep's ghost is almost destroyed.
Slep's ghost hits you.
* * * LOW HITPOINT WARNING * * *
You hit slep's ghost.
Slep's ghost is almost destroyed.
Slep's ghost hits you!
You die...

#..#...##.######.#
.......†.........
................#
.........########
.........# ##....#.##
# #....#.# ####
##.####.####### #...
#..W@.........# ##.##
#.$####.####.........
#. ....# ###... #
###.... #..# ##.###
#..# .# #..# .#
##.####... ..
.......<.# ...#######


You could see slep's ghost.

Vanquished Creatures
  A hound (D:3)
  9 adders
  An ooze (D:2)
  A worm (D:2)
  2 dart slugs (D:1)
  A leopard gecko (D:1)
  3 giant cockroaches
  5 goblins
  8 hobgoblins
  6 bats
  5 frilled lizards
  A kobold (D:3)
  7 rats
50 creatures vanquished.

Notes
Turn   | Place    | Note
-------+----------+-------------------------------------------
     0 | D:1      | slep the Demonspawn Monk began the quest for the Orb.
     0 | D:1      | Reached XP level 1. HP: 18/18 MP: 1/1
   206 | D:1      | Gained mutation: You are immune to rotting. [demonic ancestry]
   206 | D:1      | Reached XP level 2. HP: 22/24 MP: 2/2
   514 | D:1      | You fall through a shaft!
   786 | D:2      | Reached XP level 3. HP: 24/29 MP: 3/3
   996 | D:2      | HP: 1/29 [worm (2)]
  1323 | D:2      | Gained mutation: You may emit foul miasma when damaged in melee. [demonic ancestry]
  1323 | D:2      | Reached XP level 4. HP: 11/35 MP: 4/4
  1345 | D:2      | Found a sacrificial altar of Ru.
  1651 | D:3      | Reached skill level 1 in Armour
  1655 | D:3      | Found a stormy altar of Qazlal.
  2069 | D:3      | Reached XP level 5. HP: 41/41 MP: 5/5
  2102 | D:3      | Noticed slep's ghost (amateur DsMo)
  2102 | D:3      | Gained mutation: You have a pair of small horns on your head. [potion of mutation]
  2102 | D:3      | Gained mutation: Your mind is acute. (Int +2) [potion of mutation]
  2117 | D:3      | HP: 1/42 [slep's ghost (3)]
  2118 | D:3      | Mangled by slep's ghost

Vault maps used:
D:1:      grunt_arrival_lava_bath
D:2:      nicolae_ru_path_of_blood, palyth_stone_intersect, minivault_11,
          minmay_strange_pillars
D:3:      grunt_qazlal_clouds, first_bread

Skill      XL: |  1  2  3  4 |
---------------+-------------+-----
Long Blades    | 3 |  3.9
Dodging        | 3 |  3.3
Stealth        | 2 |  2.5
Armour         | 1 |  1.4
Fighting       | |  3.6

Action                   |  1- 3 |  4- 6 || total
-------------------------+-------+-------++-------
Melee: Falchion          |   117 |    80 ||   197
       Headbutt          |       |     7 ||     7
  Use: Potion            |       |     1 ||     1
 Stab: Sleeping          |     4 |     5 ||     9
  Eat: Chunk             |     1 |     3 ||     4
Armor: Robe              |     8 |       ||     8
       Leather armour    |    17 |    17 ||    34
Dodge: Dodged            |    73 |    53 ||   126
       Rpst.: Falchion   |    22 |    16 ||    38

Table legend:
 A = Spawn XP
 B = Non-spawn XP
 C = Spawn XP percentage of total XP
 D = Spawn monster count
 E = Non-spawn monster count
 F = Spawn count percentage of total count
 G = Total turns spent on level
                    A         B        C        D         E        F      G
               +---------+---------+-------+---------+---------+-------+---------
         Total |       0 |     240 |   0.0 |       0 |      50 |   0.0 |  2118
               +---------+---------+-------+---------+---------+-------+---------
           D:1 |       0 |      35 |   0.0 |       0 |      18 |   0.0 |   753
           D:2 |       0 |      82 |   0.0 |       0 |      17 |   0.0 |   891
           D:3 |       0 |     123 |   0.0 |       0 |      15 |   0.0 |   474
               +---------+---------+-------+---------+---------+-------+---------
